 Dungeon Crawl Stone Soup version 0.22-a0-274-gf8199ec (webtiles) character file.

1366 tidbits the Insei (level 8, -3/61 HPs)
             Began as a Gnoll Transmuter on Mar 14, 2018.
             Was a Follower of Cheibriados.
             Slain by a gargoyle
             ... wielding a +0 mace
              (18 damage)
             ... on level 8 of the Dungeon.
             The game lasted 00:16:37 (1597 turns).

tidbits the Insei (Gnoll Transmuter)                Turns: 1597, Time: 00:16:38

Health: -3/61      AC:  5    Str: 15    XL:     8   Next: 65%
Magic:  15/17      EV: 17    Int: 26    God:    Cheibriados [*.....]
Gold:   237        SH:  0    Dex: 23    Spells: 8/19 levels left

rFire    . . .     SeeInvis .     - Unarmed
rCold    . . .     Gourm    .   (no shield)
rNeg     . . .     Faith    .   b - +0 robe
rPois    +         Spirit   .   (helmet restricted)
rElec    .         Reflect  .   C - +2 cloak {rPois}
rCorr    .         Harm     .   (no gloves)
MR       .....                  (boots currently unavailable)
Stlth    ++++......             R - amulet of regeneration
HPRegen  0.60/turn              L - ring of flight
MPRegen  0.15/turn              X - +4 ring of dexterity

@: brilliant, appendage, very slow
A: distributed training, fangs 1, horns 1, talons 3, camouflage 1, wild magic 1,
strong nose
a: End Transformation, Bend Time, Renounce Religion, Evoke Flight


You were on level 8 of the Dungeon.
You worshipped Cheibriados.
Cheibriados was aware of your devotion.
You were not hungry.
You had grown temporary talons.
You visited 2 branches of the dungeon, and saw 10 of its levels.

You collected 237 gold pieces.

Inventory:

Hand Weapons
 d - a +0 hand axe
 f - a +0 dagger
 j - a +4 flail of draining
   (You took it off Edmund on level 4 of the Dungeon)
Missiles
 a - 36 arrows
 r - 2 throwing nets (quivered) {!f}
Armour
 b - a +0 robe (worn)
 C - a +2 cloak of poison resistance (worn)
   (You found it on level 5 of the Dungeon)
Jewellery
 k - a -4 ring of intelligence
   (You found it on level 3 of the Dungeon)
 L - a ring of flight (left hand)
   (You found it on level 7 of the Dungeon)
 R - an amulet of regeneration (around neck)
   (You found it on level 3 of the Dungeon)
 X - a +4 ring of dexterity (right hand)
   (You found it on level 5 of the Dungeon)
Wands
 l - a wand of flame (15)
 v - a wand of polymorph (16)
Scrolls
 e - 2 scrolls of remove curse
 h - 3 scrolls of teleportation {unknown}
 i - a scroll of amnesia {unknown}
 m - 2 scrolls of immolation
 n - a scroll of enchant weapon
 o - a scroll of random uselessness {unknown}
 p - 3 scrolls of magic mapping
 s - 2 scrolls of blinking
Potions
 g - a potion of invisibility
 w - a potion of resistance {unknown}
Comestibles
 c - 10 rations
 u - 3 chunks of flesh


   Skills:
 + Level 4.3 Fighting
 + Level 3.4 Short Blades
 + Level 3.4 Long Blades
 + Level 3.4 Axes
 + Level 3.4 Maces & Flails
 + Level 3.4 Polearms
 + Level 3.4 Staves
 + Level 3.4 Slings
 + Level 3.4 Bows
 + Level 3.4 Crossbows
 + Level 3.4 Throwing
 + Level 3.4 Armour
 + Level 5.7 Dodging
 + Level 3.4 Stealth
 + Level 3.4 Shields
 + Level 7.4 Unarmed Combat
 + Level 6.1 Spellcasting
 + Level 2.7 Conjurations
 + Level 2.7 Hexes
 + Level 2.7 Charms
 + Level 2.7 Summonings
 + Level 2.7 Necromancy
 + Level 2.7 Translocations
 + Level 4.7 Transmutations
 + Level 2.7 Fire Magic
 + Level 2.7 Ice Magic
 + Level 2.7 Air Magic
 + Level 2.7 Earth Magic
 + Level 2.7 Poison Magic
 + Level 3.7 Invocations
 + Level 3.4 Evocations


You had 8 spell levels left.
You knew the following spells:

 Your Spells              Type           Power        Failure   Level  Hunger
e - Beastly Appendage     Tmut           ######       1%          1    None
h - Blade Hands           Tmut           ######....   4%          5    #####..
k - Sticks to Snakes      Tmut           ######..     1%          2    None
p - Spider Form           Tmut/Pois      ######....   1%          3    None


Dungeon Overview and Level Annotations

Branches:
Dungeon (9/15)             Temple (1/1) D:7
   Lair: D:8-11         Orc: D:9-12

Altars:
Ashenzari
Cheibriados
Dithmenos
Elyvilon
Fedhas
Gozag
Kikubaaqudgha
Makhleb
Nemelex Xobeh
Okawaru
Qazlal
Ru
Sif Muna
Uskayaw
Vehumet
Wu Jian
Yredelemnul
Zin
The Shining One

Annotations:
D:5 tidbits's ghost, amateur GnFE
D:8 neds's ghost, novice CeHu


Innate Abilities, Weirdness & Mutations

Your experience applies equally to all skills.
You have very sharp teeth.
Your uncanny sense of smell can sniff out nearby items.
You have a pair of small horns on your head.
You have claws for feet.
Your skin changes colour to match your surroundings (Stealth+).
Your spells are a little harder to cast, but a little more powerful.


Message History

Your headbutt misses the hound.
The hound is heavily wounded.
The hound closely misses you.
You punch the hound!
You kill the hound!
Cheibriados thoroughly appreciates the change of pace.
Things that are here:
a blue potion; a hound corpse
w - a blue potion
Found a stormy altar of Qazlal.
Found a blossoming altar of Fedhas.
You barely miss the quokka skeleton. You headbutt the quokka skeleton.
The quokka skeleton is lightly damaged.
The quokka skeleton misses you.
You barely miss the quokka skeleton.
You destroy the quokka skeleton!
Cheibriados appreciates the change of pace.
There is a shaft here.
A bullfrog zombie comes into view.
The bullfrog zombie moves out of view.
Your transformation is almost over.
An ogre comes into view. It is wielding a giant spiked club.
Throwing (i - inventory)
r - 2 throwing nets (quivered)
{!f}
Press: ? - help, Shift-Dir - straight line, f - ogre
Aim: an ogre, wielding a giant spiked club (hasn't noticed you) Really fire
r - 2 throwing nets {!f}?
Unknown command.
Your talons disappear.
You see here a club.
There is a stone staircase leading down here.
You climb downwards.
Level annotation: neds's ghost, novice CeHu The gargoyle hurls a stone arrow at you.
The stone arrow hits you!
There is a stone staircase leading up, spattered with blood here.
Unknown command.
Unknown command.
Okay, then.
Unknown command.
Casting: Beastly Appendage (safe; 2% risk of failure)
Confirm with . or Enter, or press ? or * to list all spells.
You create 2 snakes!
You now have 36 arrows.
Casting: Sticks to Snakes (safe; 3% risk of failure)
Confirm with . or Enter, or press ? or * to list all spells.
Your feet morph into talons.
Your water moccasin bites the gargoyle but does no damage.
Your adder bites the gargoyle but does no damage.
The gargoyle hurls a stone arrow at you.
The stone arrow hits you!
You hit the gargoyle but do no damage. You claw the gargoyle.
You headbutt the gargoyle, but do no damage.
The gargoyle is lightly damaged.
Your water moccasin bites the gargoyle but does no damage.
Your adder barely misses the gargoyle.
You hit the gargoyle but do no damage.
You claw the gargoyle, but do no damage.
You headbutt the gargoyle, but do no damage.
The gargoyle is lightly damaged.
The gargoyle hits you with a mace!
* * * LOW HITPOINT WARNING * * *
Your water moccasin bites the gargoyle.
Your adder barely misses the gargoyle.
You completely miss the gargoyle. You claw the gargoyle.
You headbutt the gargoyle, but do no damage.
The gargoyle is moderately damaged.
Your water moccasin bites the gargoyle.
Your adder barely misses the gargoyle.
The gargoyle hurls a stone arrow at you.
The stone arrow hits you!
* * * LOW HITPOINT WARNING * * *
It was a potion of brilliance.
You feel clever all of a sudden.
Your water moccasin bites the gargoyle but does no damage.
Your adder bites the gargoyle but does no damage.
The gargoyle hits your water moccasin with a mace!
Your water moccasin barely misses the gargoyle.
It was a potion of curing.
You feel better.
Your adder bites the gargoyle but does no damage.
Your water moccasin bites the gargoyle but does no damage.
The gargoyle hurls a stone arrow at your water moccasin.
The stone arrow misses your water moccasin.
Your adder bites the gargoyle but does no damage.
You catch the helpless gargoyle completely off-guard!
You hit the gargoyle but do no damage.
You claw the gargoyle, but do no damage.
Your bite misses the gargoyle.
The gargoyle is heavily damaged.
Your water moccasin bites the gargoyle!
Your adder bites the gargoyle but does no damage.
The gargoyle closely misses your water moccasin.
You barely miss the gargoyle.
The gargoyle is severely damaged.
Your water moccasin bites the gargoyle but does no damage.
Your adder bites the gargoyle but does no damage.
Your water moccasin bites the gargoyle but does no damage.
You hit the gargoyle but do no damage.
You claw the gargoyle, but do no damage.
You punch the gargoyle, but do no damage.
You bite the gargoyle, but do no damage.
The gargoyle is severely damaged.
The gargoyle hits you with a mace!!
You die...

#....######)########.###.
#.#...# #.........[..>.
#.###.# #######.######.
#.###.# #.# #. #.....#
#.# #. #####.#### #Z# #.
#.##.## #.# #.
#.#S..#######.# ##
#..9@.........# #
#.#S..######.## # #....##
#.######## ######
#....).##. ######.(..
####. ## # #


You could see a gargoyle, a friendly water moccasin and a friendly adder.

Vanquished Creatures
  A water moccasin (D:7)
  Edmund (D:4)
  A sky beast (D:8)
  An orc warrior (D:7)
  A centaur (D:8)
  3 bullfrogs
  A wyvern skeleton (D:6)
  A scorpion (D:8)
  A bullfrog zombie (D:6)
  2 crimson imps
  A hound (D:7)
  2 jellies
  An orc priest (D:7)
  A bullfrog skeleton (D:8)
  An orc wizard (D:6)
  A centaur skeleton (D:5)
  An iguana (D:8)
  2 worker ants
  3 adders
  5 gnolls
  An ooze (D:4)
  2 adder skeletons
  A worm (D:3)
  A dart slug (D:1)
  2 leopard geckos
  9 orcs
  3 bats
  A giant cockroach (D:4)
  3 goblins (D:1)
  4 hobgoblins
  A quokka (D:7)
  2 frilled lizards (D:1)
  3 kobolds
  A quokka skeleton (D:7)
  6 rats
71 creatures vanquished.

Vanquished Creatures (collateral kills)
  An ogre (D:7)
  2 crimson imps
  A worker ant (D:4)
  An adder (D:2)
  2 bats (D:1)
  A goblin (D:1)
8 creatures vanquished.

Grand Total: 79 creatures vanquished

Notes
Turn   | Place    | Note
-------+----------+-------------------------------------------
     0 | D:1      | tidbits the Gnoll Transmuter began the quest for the Orb.
     0 | D:1      | Reached XP level 1. HP: 17/17 MP: 6/6
    61 | D:1      | Reached XP level 2. HP: 23/23 MP: 5/7
    65 | D:1      | Learned a level 2 spell: Sticks to Snakes
   295 | D:1      | Reached XP level 3. HP: 16/28 MP: 5/9
   303 | D:1      | Learned a level 3 spell: Spider Form
   314 | D:1      | Reached skill level 5 in Spellcasting
   373 | D:3      | Reached skill level 1 in Short Blades
   373 | D:3      | Reached skill level 1 in Long Blades
   373 | D:3      | Reached skill level 1 in Axes
   373 | D:3      | Reached skill level 1 in Maces & Flails
   373 | D:3      | Reached skill level 1 in Polearms
   373 | D:3      | Reached skill level 1 in Staves
   373 | D:3      | Reached skill level 1 in Slings
   373 | D:3      | Reached skill level 1 in Bows
   373 | D:3      | Reached skill level 1 in Crossbows
   373 | D:3      | Reached skill level 1 in Throwing
   373 | D:3      | Reached skill level 1 in Armour
   373 | D:3      | Reached skill level 1 in Stealth
   373 | D:3      | Reached skill level 1 in Shields
   373 | D:3      | Reached skill level 1 in Invocations
   373 | D:3      | Reached skill level 1 in Evocations
   373 | D:3      | Reached XP level 4. HP: 17/34 MP: 1/11
   445 | D:3      | Gained mutation: Your skin changes colour to match your surroundings (Stealth+). [potion of mutation]
   445 | D:3      | Gained mutation: Your spells are a little harder to cast, but a little more powerful. [potion of mutation]
   445 | D:3      | Gained mutation: You have a pair of small horns on your head. [potion of mutation]
   514 | D:3      | Noticed a sky beast
   539 | D:4      | Noticed Edmund
   550 | D:4      | Killed Edmund
   550 | D:4      | Reached skill level 3 in Fighting
   550 | D:4      | Reached skill level 1 in Conjurations
   550 | D:4      | Reached skill level 1 in Hexes
   550 | D:4      | Reached skill level 1 in Charms
   550 | D:4      | Reached skill level 1 in Summonings
   550 | D:4      | Reached skill level 1 in Necromancy
   550 | D:4      | Reached skill level 1 in Translocations
   550 | D:4      | Reached skill level 4 in Transmutations
   550 | D:4      | Reached skill level 1 in Fire Magic
   550 | D:4      | Reached skill level 1 in Ice Magic
   550 | D:4      | Reached skill level 1 in Air Magic
   550 | D:4      | Reached skill level 1 in Earth Magic
   550 | D:4      | Reached skill level 1 in Poison Magic
   550 | D:4      | Reached XP level 5. HP: 25/41 MP: 1/12
   605 | D:4      | Noticed a phantom
   619 | D:5      | Entered Level 5 of the Dungeon
   630 | D:5      | Reached XP level 6. HP: 40/47 MP: 2/13
   654 | D:6      | Reached skill level 2 in Invocations
   735 | D:6      | Reached skill level 5 in Dodging
   764 | D:7      | Found a staircase to the Ecumenical Temple.
   770 | Temple   | Entered the Ecumenical Temple
   802 | Temple   | Became a worshipper of Cheibriados the Contemplative
   844 | D:7      | Found a shadowy altar of Dithmenos.
   861 | D:7      | Reached skill level 2 in Short Blades
   861 | D:7      | Reached skill level 2 in Long Blades
   861 | D:7      | Reached skill level 2 in Axes
   861 | D:7      | Reached skill level 2 in Maces & Flails
   861 | D:7      | Reached skill level 2 in Polearms
   861 | D:7      | Reached skill level 2 in Staves
   861 | D:7      | Reached skill level 2 in Slings
   861 | D:7      | Reached skill level 2 in Bows
   861 | D:7      | Reached skill level 2 in Crossbows
   861 | D:7      | Reached skill level 2 in Throwing
   861 | D:7      | Reached skill level 2 in Armour
   861 | D:7      | Reached skill level 2 in Stealth
   861 | D:7      | Reached skill level 2 in Shields
   861 | D:7      | Reached skill level 2 in Evocations
   900 | D:8      | Noticed a gargoyle
   949 | D:9      | Reached XP level 7. HP: 31/52 MP: 12/15
   987 | D:8      | Reached skill level 7 in Unarmed Combat
  1016 | D:8      | Reached skill level 2 in Conjurations
  1016 | D:8      | Reached skill level 2 in Hexes
  1016 | D:8      | Reached skill level 2 in Charms
  1016 | D:8      | Reached skill level 2 in Summonings
  1016 | D:8      | Reached skill level 2 in Necromancy
  1016 | D:8      | Reached skill level 2 in Translocations
  1016 | D:8      | Reached skill level 2 in Fire Magic
  1016 | D:8      | Reached skill level 2 in Ice Magic
  1016 | D:8      | Reached skill level 2 in Air Magic
  1016 | D:8      | Reached skill level 2 in Earth Magic
  1016 | D:8      | Reached skill level 2 in Poison Magic
  1042 | D:8      | Found a white marble altar of Elyvilon.
  1045 | D:8      | Found an ornate altar of the Wu Jian Council.
  1045 | D:8      | Found a glowing silver altar of Zin.
  1047 | D:8      | Found a basalt altar of Yredelemnul.
  1048 | D:8      | Found an ancient bone altar of Kikubaaqudgha.
  1110 | D:8      | Noticed neds's ghost (novice CeHu)
  1112 | D:8      | Reached * piety under Cheibriados
  1167 | D:7      | Reached skill level 3 in Invocations
  1167 | D:7      | Reached XP level 8. HP: 11/60 MP: 8/16
  1214 | D:7      | Reached skill level 4 in Fighting
  1235 | D:6      | Reached skill level 3 in Short Blades
  1235 | D:6      | Reached skill level 3 in Long Blades
  1235 | D:6      | Reached skill level 3 in Axes
  1235 | D:6      | Reached skill level 3 in Maces & Flails
  1235 | D:6      | Reached skill level 3 in Polearms
  1235 | D:6      | Reached skill level 3 in Staves
  1235 | D:6      | Reached skill level 3 in Slings
  1235 | D:6      | Reached skill level 3 in Bows
  1235 | D:6      | Reached skill level 3 in Crossbows
  1235 | D:6      | Reached skill level 3 in Throwing
  1235 | D:6      | Reached skill level 3 in Armour
  1235 | D:6      | Reached skill level 3 in Stealth
  1235 | D:6      | Reached skill level 3 in Shields
  1235 | D:6      | Reached skill level 3 in Evocations
  1266 | D:6      | Learned a level 5 spell: Blade Hands
  1306 | D:5      | Noticed tidbits's ghost (amateur GnFE)
  1493 | D:7      | Reached skill level 6 in Spellcasting
  1554 | D:7      | Found a stormy altar of Qazlal.
  1556 | D:7      | Found a blossoming altar of Fedhas.
  1592 | D:8      | HP: 3/61 [gargoyle/stone arrow (19)]
  1597 | D:8      | Slain by a gargoyle

Vault maps used:
D:1:      evilmike_arrival_fibonacci_small, minmay_misc_feat_roman,
          hangedman_abyss_or_decor_stabs, minmay_tall_x
D:2:      serial_bayou, serial_bayou_pond_e, serial_bayou_ford_a,
          serial_bayou_lake_a, serial_bayou_pond_c, uniq_terence, uniq_natasha
D:3:      minmay_lizard_king
D:4:      kennysheep_small_circle, uniq_edmund
D:5:      regret_index_temple_of_mockery, first_ration
D:7:      grunt_temple_overflow_forces_of_nature, minmay_temple_entry_hall,
          serial_shops, shop, nicolae_dithmenos_the_darkroom
D:8:      grunt_temple_overflow_open, tgw_trog, erik_lair_island, the_bakery
D:9:      hiddenorc2_lemuel, uniq_maurice
Temple:   nicolae_temple_hex_pool

Skill      XL: |  1  2  3  4  5  6  7  8 |
---------------+-------------------------+-----
Spellcasting   | 5 6 |  6.1
Short Blades   | 1 2 3 |  3.4
Long Blades    | 1 2 3 |  3.4
Axes           | 1 2 3 |  3.4
Maces & Flails | 1 2 3 |  3.4
Polearms       | 1 2 3 |  3.4
Staves         | 1 2 3 |  3.4
Slings         | 1 2 3 |  3.4
Bows           | 1 2 3 |  3.4
Crossbows      | 1 2 3 |  3.4
Throwing       | 1 2 3 |  3.4
Armour         | 1 2 3 |  3.4
Stealth        | 1 2 3 |  3.4
Shields        | 1 2 3 |  3.4
Invocations    | 1 2 3 |  3.7
Evocations     | 1 2 3 |  3.4
Fighting       | 3 4 |  4.3
Conjurations   | 1 2 |  2.7
Hexes          | 1 2 |  2.7
Charms         | 1 2 |  2.7
Summonings     | 1 2 |  2.7
Necromancy     | 1 2 |  2.7
Translocations | 1 2 |  2.7
Transmutations | 4 |  4.7
Fire Magic     | 1 2 |  2.7
Ice Magic      | 1 2 |  2.7
Air Magic      | 1 2 |  2.7
Earth Magic    | 1 2 |  2.7
Poison Magic   | 1 2 |  2.7
Dodging        | 5 |  5.7
Unarmed Combat | 7 |  7.4

Action                   |  1- 3 |  4- 6 |  7- 9 || total
-------------------------+-------+-------+-------++-------
Melee: Unarmed           |    42 |    80 |    81 ||   203
       Kick              |     3 |     8 |     6 ||    17
       Headbutt          |     4 |     3 |     6 ||    13
       Bite              |     1 |     4 |     2 ||     7
       Punch             |       |     1 |     2 ||     3
       Dagger            |       |       |     6 ||     6
 Cast: Beastly Appendage |    11 |     5 |     2 ||    18
       Sticks to Snakes  |     5 |     7 |     8 ||    20
       Spider Form       |     2 |     7 |     9 ||    18
Invok: Bend Time         |       |       |     1 ||     1
 Abil: End Transformatio |       |       |     1 ||     1
Evoke: Wand              |       |     2 |     4 ||     6
  Use: Scroll            |     3 |     2 |     1 ||     6
       Potion            |       |     3 |     3 ||     6
 Stab: Sleeping          |     1 |     5 |     4 ||    10
       Invisible         |       |     5 |       ||     5
       Distracted        |       |     2 |     2 ||     4
  Eat: Ration            |       |     1 |       ||     1
Armor: Robe              |     3 |     2 |     3 ||     8
       Skin              |       |       |     1 ||     1
Dodge: Dodged            |    23 |    57 |    72 ||   152

Table legend:
 A = Spawn XP
 B = Non-spawn XP
 C = Spawn XP percentage of total XP
 D = Spawn monster count
 E = Non-spawn monster count
 F = Spawn count percentage of total count
 G = Total turns spent on level
                    A         B        C        D         E        F      G
               +---------+---------+-------+---------+---------+-------+---------
         Total |       0 |    1952 |   0.0 |       0 |      79 |   0.0 |  1597
               +---------+---------+-------+---------+---------+-------+---------
           D:1 |       0 |      30 |   0.0 |       0 |      20 |   0.0 |   243
           D:2 |       0 |      10 |   0.0 |       0 |       2 |   0.0 |    52
           D:3 |       0 |      66 |   0.0 |       0 |       8 |   0.0 |   203
           D:4 |       0 |     171 |   0.0 |       0 |       5 |   0.0 |   126
           D:5 |       0 |     141 |   0.0 |       0 |       5 |   0.0 |   154
           D:6 |       0 |     302 |   0.0 |       0 |      13 |   0.0 |   275
           D:7 |       0 |     718 |   0.0 |       0 |      13 |   0.0 |   232
           D:8 |       0 |     482 |   0.0 |       0 |      12 |   0.0 |   234
           D:9 |       0 |      32 |   0.0 |       0 |       1 |   0.0 |    15
               +---------+---------+-------+---------+---------+-------+---------

Table legend:
 A = Turns spent in this place as a percentage of turns spent in the entire game.
 B = Non-inter-level travel turns spent in this place as a percentage of non-inter-level travel turns spent in the entire game.
 C = Inter-level travel turns spent in this place as a percentage of turns spent in this place.
 D = Turns resting spent in this place as a percentage of non-inter-level travel turns spent in this place.
 E = Turns spent auto-exploring this place as a percentage of non-inter-level travel turns spent in this place.
 F = Non-inter-level travel turns spent in this place divided by the number of levels of this place that you've seen.
                   A       B       C       D       E      F
               +-------+-------+-------+-------+-------+----------------------
         Total | 100.0 | 100.0 |   0.0 |   0.0 |   0.0 | 159.7
       Dungeon |  96.1 |  96.1 |   0.0 |   0.0 |   0.0 | 170.4
        Temple |   3.9 |   3.9 |   0.0 |   0.0 |   0.0 |  63.0
               +-------+-------+-------+-------+-------+----------------------

Table legend:
 A = Kills in this place as a percentage of kills in entire the game.
 B = Kills by you in this place as a percentage of kills by you in the entire game.
 C = Kills by friends in this place as a percentage of kills by friends in the entire game.
 D = Other kills in this place as a percentage of other kills in the entire game.
 E = Experience gained in this place as a percentage of experience gained in the entire game.
 F = Experience gained in this place divided by the number of levels of this place that you have seen.
                   A       B       C       D       E      F
               +-------+-------+-------+-------+-------+----------------------
         Total | 100.0 | 100.0 | 100.0 |   N/A | 100.0 | 195.2
       Dungeon | 100.0 | 100.0 | 100.0 |   N/A | 100.0 | 216.9
               +-------+-------+-------+-------+-------+----------------------

Vault maps used:
D:1:      evilmike_arrival_fibonacci_small, minmay_misc_feat_roman,
          hangedman_abyss_or_decor_stabs, minmay_tall_x
D:2:      serial_bayou, serial_bayou_pond_e, serial_bayou_ford_a,
          serial_bayou_lake_a, serial_bayou_pond_c, uniq_terence, uniq_natasha
D:3:      minmay_lizard_king
D:4:      kennysheep_small_circle, uniq_edmund
D:5:      regret_index_temple_of_mockery, first_ration
D:7:      grunt_temple_overflow_forces_of_nature, minmay_temple_entry_hall,
          serial_shops, shop, nicolae_dithmenos_the_darkroom
D:8:      grunt_temple_overflow_open, tgw_trog, erik_lair_island, the_bakery
D:9:      hiddenorc2_lemuel, uniq_maurice
Temple:   nicolae_temple_hex_pool
